 Dungeon Crawl Stone Soup version 0.28-a0-998-gb9e9c7b67e (webtiles) character file.

Game seed: 9099260220586078474

268 DrunkBamboolord the Skirmisher (level 6, 0/43 HPs)
             Began as an Octopode Wanderer on Dec 6, 2021.
             Slain by Menkaure (15 damage)
             ... on level 4 of the Dungeon.
             The game lasted 00:06:39 (4175 turns).

DrunkBamboolord the Skirmisher (Octopode Wanderer)  Turns: 4175, Time: 00:06:39

Health: 0/43       AC:  1    Str: 14    XL:     6   Next: 21%
Magic:  6/6        EV: 13    Int: 13    God:
Gold:   84         SH:  0    Dex: 12    Spells: 5/5 levels left

rFire   . . .      SeeInvis .   a - +3 falchion
rCold   . . .      Faith    .   (no shield)
rNeg    + . .      Spirit   .   (helmet restricted)
rPois   .          Reflect  .   (no amulet)
rElec   .          Harm     .   t - ring of positive energy
rCorr   .          Rampage  .   (no ring)
Will    .....                   (no ring)
Stlth   +++.......              (no ring)
HPRegen 0.14/turn               (no ring)
MPRegen 0.10/turn               (no ring)
                                (no ring)
                                (no ring)

@: no status effects
A: almost no armour, amphibious, 8 rings, camouflage 1, gelatinous body 1,
(nimble swimmer 1), tentacles
a: no special abilities


You were on level 4 of the Dungeon.
You visited 1 branch of the dungeon, and saw 4 of its levels.

You collected 113 gold pieces.
You spent 29 gold pieces at shops.

Inventory:

Hand Weapons
 a - a +3 falchion (weapon)
Missiles
 n - 14 poisoned darts (quivered)
Jewellery
 t - a ring of positive energy (left tentacle)
Wands
 h - a wand of charming (6)
 r - a wand of acid (5)
 s - a wand of polymorph (13)
Scrolls
 g - a scroll of teleportation
 i - 2 scrolls of noise
 p - a scroll of brand weapon {unknown}
 q - a scroll of amnesia {unknown}
Potions
 b - a potion of lignification
 c - 2 potions of curing
 d - a potion of degeneration {unknown}
 e - a potion of invisibility {unknown}
 f - 5 potions of attraction {unknown}
 j - a potion of resistance {unknown}
 k - a potion of ambrosia {unknown}
 l - a potion of flight {unknown}
 m - a potion of magic {unknown}
 o - a potion of heal wounds {unknown}


   Skills:
 * Level 4.1 Fighting
 * Level 3.7 Long Blades
 - Level 1.0 Throwing
 * Level 3.0 Dodging
 + Level 3.8 Stealth
 * Level 2.2 Shields


You had 5 spell levels left.
You didn't know any spells.
Your spell library was empty.

Dungeon Overview and Level Annotations

Branches:
Dungeon (4/15)
 Temple: D:4-7

Altars:
Fedhas
Zin

Shops:
D:3 *

Annotations:
D:4 Menkaure, Sigmund


Innate Abilities, Weirdness & Mutations

You cannot wear most types of armour.
You are amphibious.
You can wear up to eight rings at the same time.
Your skin changes colour to match your surroundings (Stealth+).
Your rubbery body absorbs attacks. (AC +1, EV +1)
((You are camouflaged near water. (Stealth+)))
You have tentacles for arms and can constrict up to eight enemies at once.


Message History

You open the door.
Found 20 sling bullets.
There is an open door here.
You open the door.
There is an open door here.
Found 21 bolts.
A centaur skeleton comes into view.
s - a wand of polymorph (13)
Found a diamond ring.
The helpless centaur skeleton fails to defend itself.
You hit the centaur skeleton.
The centaur skeleton is lightly damaged.
The centaur skeleton barely misses you. The centaur skeleton kicks you.
The centaur skeleton misses you. The centaur skeleton kicks you.
You hit the centaur skeleton. You squeeze the centaur skeleton.
The centaur skeleton is moderately damaged.
The centaur skeleton hits you. The centaur skeleton kicks you.
You hit the centaur skeleton. You squeeze the centaur skeleton!
The centaur skeleton is almost destroyed.
The centaur skeleton hits you.
The centaur skeleton closely misses you.
The centaur skeleton hits you.
The centaur skeleton completely misses you.
You hit the centaur skeleton.
You destroy the centaur skeleton!
t - a ring of positive energy Menkaure, Prince of Dust comes into view.
t - a ring of positive energy (left tentacle) Menkaure calls on the powers of darkness!
Your body is wracked with pain!
Menkaure closely misses you.
You slash Menkaure! You grab Menkaure. You squeeze Menkaure.
Menkaure is heavily damaged.
You constrict Menkaure.
Menkaure calls on the powers of darkness!
Your body is wracked with pain!
You hit Menkaure but do no damage.
Menkaure is heavily damaged.
You constrict Menkaure. Menkaure hits you!
You die...

#.# ##+#
##.#.######.#
..
#.#........#
#
#.##########
#.# #.# #.#
#.#
#.########.#
#..M@......#
#.##########


You could see Menkaure.

Vanquished Creatures
  A necrophage (D:3)
  A centaur skeleton (D:4)
  Ijyb (D:3)
  A gnoll (D:1)
  3 adders
  An ufetubus (D:4)
  A worm (D:2)
  3 dart slugs
  2 orcs
  3 ball pythons (D:1)
  8 bats
  7 endoplasms
  6 giant cockroaches
  5 goblins
  6 hobgoblins
  5 jackals
  2 quokkas
  2 frilled lizards (D:2)
  7 kobolds
  9 rats
74 creatures vanquished.

Notes
Turn   | Place    | Note
-------+----------+-------------------------------------------
     0 | D:1      | DrunkBamboolord the Octopode Wanderer began the quest for
                  | the Orb.
     0 | D:1      | DrunkBamboolord set off with the following items: a +2
                  | falchion, a potion of lignification, a potion of curing, a
                  | +0 dagger
     0 | D:1      | Reached XP level 1. HP: 16/16 MP: 1/1
   240 | D:1      | Reached XP level 2. HP: 14/21 MP: 2/2
   693 | D:1      | Reached XP level 3. HP: 23/26 MP: 3/3
  1239 | D:1      | Found a faded altar of an unknown god.
  1656 | D:2      | Reached XP level 4. HP: 28/33 MP: 4/4
  2199 | D:3      | Found Qaethuro's Assorted Antiques.
  2214 | D:3      | Bought a scroll labelled YKOSAT SIALE for 29 gold pieces
  2713 | D:3      | Noticed a necrophage
  2724 | D:3      | Killed a necrophage
  2725 | D:3      | Reached skill level 4 in Fighting
  2725 | D:3      | Reached XP level 5. HP: 37/37 MP: 5/5
  2982 | D:3      | Noticed Ijyb
  2992 | D:3      | Killed Ijyb
  3234 | D:3      | Found a glowing silver altar of Zin.
  3464 | D:4      | Found a blossoming altar of Fedhas.
  3525 | D:4      | Reached XP level 6. HP: 14/43 MP: 6/6
  3872 | D:4      | Noticed Sigmund
  4168 | D:4      | Noticed Menkaure
  4175 | D:4      | Slain by Menkaure

Illustrated notes

Levels and vault maps discovered:
D:1:      psy_arrival_spokes, layout_basic,
          shapermc_ecumenical_altar_mp_urbaneastern, minmay_surrounded
D:2:      layout_loops_ring, chequers_serial_rivers_large_a,
          minmay_misc_feat_four_crosses, kennysheep_generic_room_11
D:3:      layout_loops_ring, mainiacjoe_overflow_alcove_4, serial_shops, shop,
          wad_floor_pattern_2, uniq_ijyb
D:4:      layout_loops_corners, mainiacjoe_overflow_tiny_flanked, uniq_menkaure,
          uniq_sigmund

Skill      XL: |  1  2  3  4  5 |
---------------+----------------+-----
Stealth        | 3 |  3.8
Long Blades    | 3 |  3.7
Fighting       | 4 |  4.1
Shields        | 2 |  2.2
Dodging        | 3 |  3.0
Throwing       | |  1.0

Action                   |  1- 3 |  4- 6 || total
-------------------------+-------+-------++-------
Melee: Falchion          |    68 |    87 ||   155
       Constrict         |    18 |    13 ||    31
       Tentacles         |     9 |    10 ||    19
  Use: Scroll            |     3 |     2 ||     5
       Potion            |       |     1 ||     1
 Stab: Sleeping          |    10 |     8 ||    18
Armor: Skin              |    14 |     9 ||    23
Dodge: Dodged            |    41 |    52 ||    93

Table legend: (Time is in decaauts)
 A = Elapsed time spent in this place.
 B = Non-inter-level travel time spent in this place.
 C = Inter-level travel time spent in this place.
 D = Time resting spent in this place.
 E = Time spent auto-exploring this place.
 F = Levels seen in this place.
 G = Mean time per level.
                   A        B        C        D        E       F      G
               +--------+--------+--------+--------+--------+-----+--------+
         Total |   4204 |   4041 |    163 |    508 |   2949 |   4 | 1051.0 |
       Dungeon |   4204 |   4041 |    163 |    508 |   2949 |   4 | 1051.0 |
               +--------+--------+--------+--------+--------+-----+--------+

Top non-repeatable levels by time:
     D:1: 1308 daAuts
     D:3: 1267 daAuts
     D:2: 883 daAuts
     D:4: 745 daAuts
